 Dungeon Crawl Stone Soup version 0.31-a0-234-gad7ace16ef (webtiles) character file.

Game seed: 16991197700725128485

285 qw the Shooter (level 6, -2/37 HPs)
             Began as a Gargoyle Hexslinger on July 9, 2023.
             Was an Initiate of Okawaru.
             Slain by an ice beast (14 damage)
             ... on level 5 of the Dungeon.
             The game lasted 00:01:14 (3156 turns).

qw the Shooter (Gargoyle Hexslinger)                Turns: 3156, Time: 00:01:15

Health: -2/37      AC: 11    Str: 12    XL:     6   Next: 29%
Magic:  7/7        EV: 10    Int: 13    God:    Okawaru [......]
Gold:   171        SH:  0    Dex: 14    Spells: 6/7 levels left

rFire   . . .        Y - +2 sling
rCold   . . .        (no shield)
rNeg    + . .        g - +0 ring mail
rPois   inf          (no helmet)
rElec   +            i - +0 cloak
rCorr   .            a - +0 pair of gloves
SInv    .            (no boots)
Will    .....        (no amulet)
Stlth   +            (no ring)
HPRegen 0.26/turn    (no ring)
MPRegen 0.10/turn

%: no passive effects
@: no status effects
A: sickness immunity, AC +4, negative energy resistance 1, electricity
resistance, torment resistance 1, petrification resistance
a: Renounce Religion


You were on level 5 of the Dungeon.
You worshipped Okawaru.
Okawaru was noncommittal.
You visited 2 branches of the dungeon, and saw 6 of its levels.

You collected 171 gold pieces.


Innate Abilities, Weirdness & Mutations

You are immune to sickness and miasma.
Your stone body is resilient. (AC +4)
You are immune to poison.
You resist negative energy. (rN+)
You are resistant to electric shocks. (rElec)
You are resistant to unholy torment.
You are immune to petrification.


   Skills:
 - Level 3.2 Fighting
 + Level 5.6 Ranged Weapons
 - Level 1.0 Armour
 - Level 1.5 Dodging
 - Level 1.0 Spellcasting
 - Level 2.6 Hexes


You had 6 spell levels left.
You knew the following spells:

 Your Spells              Type           Power      Damage    Failure   Level
a - Slow                  Hex            28%        N/A       22%         1

Your spell library contained the following spells:

 Spells                   Type           Power      Damage    Failure   Level
 Inner Flame              Hex/Fire       4%         N/A       73%         3
 Portal Projectile        Hex/Tloc       8%         N/A       73%         3
 Cause Fear               Hex            3%         N/A       91%         4

Inventory:

Hand Weapons
 Y - a +2 sling (weapon)
Armour
 a - a +0 pair of gloves (worn)
 g - a +0 ring mail (worn)
 i - a +0 cloak (worn)
Scrolls
 c - a scroll of identify
Potions
 b - 3 potions of magic {unknown}
 d - a potion of heal wounds
 e - a potion of degeneration {unknown}
 f - a potion of mutation {unknown}
 h - 2 potions of resistance {unknown}
 j - a potion of curing {unknown}
 k - a potion of berserk rage {unknown}
 m - a potion of attraction {unknown}

Dungeon Overview and Level Annotations

Branches:
Dungeon (5/15)             Temple (1/1) D:4

Altars:
Dithmenos
Elyvilon
Fedhas
Hepliaklqana
Nemelex Xobeh
Okawaru
Ru
Sif Muna
Trog
Vehumet
Xom
Zin
The Shining One


Message History

You shoot a sling bullet. The sling bullet hits the ice beast.
The ice beast is lightly wounded.
An orc comes into view. It is wielding a +0 short sword.
An adder comes into view.
You shoot a sling bullet. The adder hisses angrily.
The sling bullet hits the ice beast.
The ice beast is moderately wounded.
The ice beast closely misses you.
You shoot a sling bullet.
The sling bullet hits the ice beast but does no damage.
The ice beast is moderately wounded.
The ice beast hits you but does no damage.
You shoot a sling bullet. The sling bullet hits the ice beast.
The ice beast is moderately wounded.
The hound bites you but does no damage.
The ice beast hits you but does no damage.
The hound bites you but does no damage.
You shoot a sling bullet. The sling bullet hits the ice beast!
The ice beast is heavily wounded.
The hound bites you but does no damage.
The ice beast hits you but does no damage.
The hound bites you. The ice beast hits you. The ice beast freezes you!
You shoot a sling bullet.
The sling bullet hits the ice beast but does no damage.
The ice beast is heavily wounded.
The hound closely misses you. The hound bites you.
The ice beast hits you but does no damage.
You shoot a sling bullet. The sling bullet hits the ice beast.
The ice beast is severely wounded.
The hound bites you. The hound bites you but does no damage.
You shoot a sling bullet.
The sling bullet hits the ice beast but does no damage.
The ice beast is severely wounded.
The hound bites you but does no damage.
The orc wizard gestures wildly while chanting.
The orc wizard flickers and vanishes!
Deactivating autopickup; reactivate with Ctrl-A.
The ice beast hits you. The ice beast freezes you!
You die...

## .# .#... +####.# # .!..
......# ###. #?.! ##
<.....# #..?##..( $..
......# ##.#.#S.{ #.#.
.....(# #...$Yo. .....
..../.# ##.#.Sho#####..#
......####..# #@Y.....#
..#(........# ####..#####
..#.........# #.......#
..'.........######.......##
.##...<(..>........(......#
)##.........######.........
.#########+## #........) .#
#......... .# #.........


You could see 2 ice beasts, a hound, 2 adders and 2 orcs.

Vanquished Creatures
  A hound (D:4)
  A jelly (D:4)
  An orc priest (D:3)
  A sleepcap (D:4)
  8 adders
  2 shadow imps (D:5)
  A worm (D:3)
  2 dart slugs
  7 orcs
  5 ball pythons
  6 bats
  6 endoplasms
  4 goblins
  4 hobgoblins
  10 jackals
  5 kobolds
  4 quokkas
  4 rats
72 creatures vanquished.

Notes
Turn   | Place    | Note
-------+----------+-------------------------------------------
     0 | D:1      | qw the Gargoyle Hexslinger began the quest for the Orb.
     0 | D:1      | Reached XP level 1. HP: 12/12 MP: 2/2
     0 | D:1      | 0 ||| qw: Version: 0.3-a-51-g015441d
     0 | D:1      | 0 ||| qw: Game counter: 4188
     0 | D:1      | 0 ||| qw: Melee chars always use a shield: true
     0 | D:1      | 0 ||| qw: God list: Okawaru
     0 | D:1      | 0 ||| qw: Allow faded altars: false
     0 | D:1      | 0 ||| qw: Do Orc after clearing Dungeon:15 true
     0 | D:1      | 0 ||| qw: Do second Lair branch before Depths: true
     0 | D:1      | 0 ||| qw: Lair rune preference: random
     0 | D:1      | 0 ||| qw: Goals: Normal
     0 | D:1      | 0 ||| PLANNING D:1-11
    89 | D:1      | Reached XP level 2. HP: 16/16 MP: 3/3
   184 | D:1      | Reached skill level 3 in Ranged Weapons
   701 | D:1      | 701 ||| UPGRADING to +0 leather armour.
   711 | D:1      | 711 ||| DROPPING +0 robe.
   712 | D:1      | 712 ||| UPGRADING to +0 ring mail.
   722 | D:1      | 722 ||| DROPPING +0 leather armour.
   723 | D:1      | 723 ||| UPGRADING to +0 cloak.
   728 | D:1      | 728 ||| READING 2 scrolls labelled RIDGHEKH USYU.
   729 | D:1      | 729 ||| READING scroll labelled RONEKL BOSYNIA.
   730 | D:1      | 730 ||| READING scroll labelled DYHIMI OTSYSCHE.
   731 | D:1      | 731 ||| DRINKING 2 coppery potions.
   732 | D:1      | 732 ||| DRINKING 2 smoky orange potions.
   733 | D:1      | 733 ||| DROPPING scroll of vulnerability.
   734 | D:1      | 734 ||| DROPPING scroll of poison.
   735 | D:1      | 735 ||| DROPPING potion of brilliance.
   806 | D:2      | Reached XP level 3. HP: 21/21 MP: 4/4
   851 | D:2      | Reached skill level 1 in Armour
  1169 | D:2      | 1169 ||| UPGRADING to +0 pair of gloves.
  1174 | D:2      | 1174 ||| READING scroll labelled IFUEVU EMUIKAM.
  1175 | D:2      | 1175 ||| READING scroll labelled SIAKEOPNIASUY.
  1423 | D:3      | Reached XP level 4. HP: 22/26 MP: 5/5
  1564 | D:3      | HP: 5/26 [orc priest/divine providence (12)]
  1565 | D:3      | 1565 ||| DRINKING potion of heal wounds.
  1589 | D:3      | Reached skill level 4 in Ranged Weapons
  1809 | D:3      | Reached XP level 5. HP: 29/30 MP: 6/6
  1833 | D:3      | 1833 ||| READING scroll labelled WASUNOCEDE.
  1834 | D:3      | 1834 ||| READING scroll labelled FOTRABI VOREEB.
  1835 | D:3      | 1835 ||| READING scroll labelled HYG IXKASEXE.
  1836 | D:3      | 1836 ||| READING scroll labelled KIAVVA KAAN.
  1949 | D:4      | Reached skill level 5 in Ranged Weapons
  2114 | D:4      | Reached skill level 3 in Fighting
  2161 | D:4      | Found a staircase to the Ecumenical Temple.
  2162 | D:4      | 2162 ||| PLANNING TEMPLE
  2168 | Temple   | Entered the Ecumenical Temple
  2316 | Temple   | 2316 ||| PLANNING OKAWARU WORSHIP
  2403 | Temple   | Became a worshipper of Warmaster Okawaru
  2404 | Temple   | 2404 ||| PLANNING D:1-11
  2626 | D:4      | Reached XP level 6. HP: 37/37 MP: 7/7
  3011 | D:5      | Entered Level 5 of the Dungeon
  3148 | D:5      | Noticed an ice beast
  3148 | D:5      | Noticed an ice beast
  3156 | D:5      | Slain by an ice beast

Levels and vault maps discovered:
D:1:      giann_wishing_wells, layout_loops_ring
D:2:      layout_basic
D:3:      layout_loops_cross
D:4:      layout_basic, minmay_temple_entry_overgrown
D:5:      layout_basic, mainiacjoe_overflow_alcove_4, grunt_ministairs_2,
          minmay_circle_x, uniq_blork_the_orc
Temple:   oiseaux_autumnal_temple

Skill      XL: |  1  2  3  4  5 |
---------------+----------------+-----
Ranged Weapons | 3 4 5 |  5.6
Fighting       | 2 3 |  3.2
Armour         | 1 |  1.0
Dodging        | |  1.5
Spellcasting   | |  1.0
Hexes          | |  2.6

Action                     |  1- 3 |  4- 6 || total
---------------------------+-------+-------++-------
   Fire: Sling             |   102 |   178 ||   280
    Use: Scroll            |     5 |     4 ||     9
         Potion            |     2 |     1 ||     3
 Armour: Robe              |    12 |       ||    12
         Ring mail         |    10 |    74 ||    84
  Dodge: Dodged            |    43 |    57 ||   100

Table legend:
 A = Non-vault XP
 B = Vault XP
 C = Vault XP percentage of total XP
 D = Non-vault monster count
 E = Vault monster count
 F = Vault count percentage of total count
                 A         B        C        D         E       F
            +---------+---------+-------+---------+---------+-------
      Total |     408 |       0 |   0.0 |      72 |       0 |   0.0
            +---------+---------+-------+---------+---------+-------
        D:1 |      28 |       0 |   0.0 |      15 |       0 |   0.0
        D:2 |      38 |       0 |   0.0 |      15 |       0 |   0.0
        D:3 |     101 |       0 |   0.0 |      24 |       0 |   0.0
        D:4 |     202 |       0 |   0.0 |      14 |       0 |   0.0
        D:5 |      39 |       0 |   0.0 |       4 |       0 |   0.0
            +---------+---------+-------+---------+---------+-------
